SAAA
TREMONT DOUBLEDAYS @ BANGOR TRIDENT BASE OGRES
07/14/2017
 
TOP OF THE 1ST
Tremont Doubledays batting - Pitching for Bangor Trident Base Ogres : RHP Bobby Davis
Pitching: RHP Bobby Davis
Batting: RHB Chip Teague 0-0: Called Strike
0-1: Ball
1-1: Ball
2-1: Swinging Strike
2-2: Ball
3-2: Fly out, F9 (Flyball, 9S)
Batting: RHB Chris Bentley 0-0: Called Strike
0-1: Called Strike
0-2: Ball
1-2: Ground out 5-3 (Groundball, 5S)
Batting: SHB Carroll Kline 0-0: Fly out, F7 (Flyball, 7LD)
Top of the 1st over - 0 run(s), 0 hit(s), 0 error(s), 0 left on base; Tremont 0 - Bangor Trident Base 0
BOTTOM OF THE 1ST
Bangor Trident Base Ogres batting - Pitching for Tremont Doubledays : RHP Manuel Delgado
Pitching: RHP Manuel Delgado
Batting: LHB Don Sullivan 0-0: Called Strike
0-1: Ball
1-1: Swinging Strike
1-2: DOUBLE (Line Drive, 9LS)
Batting: RHB Walt Richard 0-0: Ball
1-0: Swinging Strike
1-1: Ball
2-1: Called Strike
2-2: Ball
3-2: Foul Ball, location: 2F
3-2: SINGLE (Groundball, 4)
Don Sullivan to third
Batting: RHB Zach King 0-0: Ball
1-0: Ball
2-0: Foul Ball, location: 2F
2-1: SINGLE (Flyball, 78S)
Don Sullivan scores
Walt Richard to second
Batting: RHB Tyrone Graham 0-0: Swinging Strike
0-1: 3-RUN HOME RUN (Line Drive, 7D), Distance : 424 ft
Batting: RHB Stan Hughes 0-0: Ball
1-0: Ball
2-0: Called Strike
2-1: Foul Ball, location: 2F
2-2: SINGLE (Line Drive, 34D)
Batting: RHB Mike Alford 0-0: Ball
1-0: Ball
2-0: Called Strike
2-1: Ball
3-1: Called Strike
3-2: Fly out, F8 (Flyball, 8LM)
Batting: SHB Dustin Tucker 0-0: Grounds into double play, 2-6-3 (Groundball, 2L)
Bottom of the 1st over - 4 run(s), 5 hit(s), 0 error(s), 0 left on base; Tremont 0 - Bangor Trident Base 4
TOP OF THE 2ND
Tremont Doubledays batting - Pitching for Bangor Trident Base Ogres : RHP Bobby Davis
Batting: LHB Arturo Acosta 0-0: Foul Ball, location: 2F
0-1: Ball
1-1: Ball
2-1: Fly out, F1 (Line Drive, 13)
Batting: SHB Ludovico Bluemel 0-0: Ball
1-0: Ball
2-0: Foul Ball, location: 2F
2-1: Foul Ball, location: 2F
2-2: Foul Ball, location: 2F
2-2: Ground out 6-3 (Groundball, 6M)
Batting: RHB José Romero 0-0: Ball
1-0: SINGLE (Line Drive, 6M)
Batting: RHB Juan Benítez 0-0: Ball
1-0: Reached on error, E2 (Groundball, 2R)
José Romero to third
Batting: SHB Tom Smith 0-0: SINGLE (Line Drive, 9S)
José Romero scores
Juan Benítez to third
Batting: RHB Manny Rodríguez 0-0: Called Strike
0-1: Ball
1-1: Ball
2-1: Swinging Strike
2-2: Strikes out looking
Top of the 2nd over - 1 run(s), 2 hit(s), 1 error(s), 2 left on base; Tremont 1 - Bangor Trident Base 4
BOTTOM OF THE 2ND
Bangor Trident Base Ogres batting - Pitching for Tremont Doubledays : RHP Manuel Delgado
Batting: RHB Ron Williams 0-0: Ball
1-0: Ball
2-0: Foul Ball, location: 2F
2-1: Ball
3-1: Base on Balls
Batting: RHB Dewey McClellan 0-0: Called Strike
0-1: Ball
1-1: Ball
Pickoff Throw by Catcher to First - Error! E2
Ron Williams to second
2-1: Ball
3-1: Base on Balls
Batting: LHB Don Sullivan 0-0: Swinging Strike
0-1: Ball
1-1: Foul Ball, location: 2F
1-2: Foul Ball, location: 2F
1-2: Strikes out swinging
Batting: RHB Walt Richard 0-0: Ball
1-0: Swinging Strike
1-1: Ball
2-1: Foul Ball, location: 2F
2-2: SINGLE (Groundball, 56D)
Ron Williams to third
Dewey McClellan to second
Runner from 3rd tries for Home, SAFE, no throw or cutoff
Pitching: RHP Tim Williams
Batting: RHB Zach King 0-0: Called Strike
0-1: Ball
1-1: Foul Ball, location: 2F
1-2: Fly out, F6 (Popup, 5DF)
Batting: RHB Tyrone Graham 0-0: Swinging Strike
0-1: Foul Ball, location: 2F
0-2: Foul Ball, location: 2F
0-2: Ball
1-2: Ball
2-2: Foul Ball, location: 2F
2-2: Foul Ball, location: 2F
2-2: Ball
3-2: Strikes out swinging
Bottom of the 2nd over - 1 run(s), 1 hit(s), 1 error(s), 2 left on base; Tremont 1 - Bangor Trident Base 5
TOP OF THE 3RD
Tremont Doubledays batting - Pitching for Bangor Trident Base Ogres : RHP Bobby Davis
Batting: RHB Chip Teague 0-0: Called Strike
0-1: Fly out, F9 (Flyball, 89D)
Batting: RHB Chris Bentley 0-0: Called Strike
0-1: Ball
1-1: Called Strike
1-2: Fly out, F7 (Flyball, 78M)
Batting: SHB Carroll Kline 0-0: Fly out, F8 (Flyball, 8LXD)
Top of the 3rd over - 0 run(s), 0 hit(s), 0 error(s), 0 left on base; Tremont 1 - Bangor Trident Base 5
BOTTOM OF THE 3RD
Bangor Trident Base Ogres batting - Pitching for Tremont Doubledays : RHP Tim Williams
Batting: RHB Stan Hughes 0-0: Ball
1-0: Called Strike
1-1: Foul Ball, location: 2F
1-2: Strikes out looking
Batting: RHB Mike Alford 0-0: Swinging Strike
0-1: Ball
1-1: Foul Ball, location: 2F
1-2: Fly out, F7 (Flyball, 7LM)
Batting: SHB Dustin Tucker 0-0: Ball
1-0: Called Strike
1-1: Called Strike
1-2: Foul Ball, location: 2F
1-2: SINGLE (Line Drive, 56D)
Batting: RHB Ron Williams 0-0: Foul Ball, location: 2F
0-1: Ball
1-1: Swinging Strike
1-2: Ball
2-2: Strikes out swinging
Bottom of the 3rd over - 0 run(s), 1 hit(s), 0 error(s), 1 left on base; Tremont 1 - Bangor Trident Base 5
TOP OF THE 4TH
Tremont Doubledays batting - Pitching for Bangor Trident Base Ogres : RHP Bobby Davis
Batting: LHB Arturo Acosta 0-0: Ball
1-0: Swinging Strike
1-1: Called Strike
1-2: Ball
2-2: Ball
3-2: Base on Balls
Batting: SHB Ludovico Bluemel 0-0: Ball
1-0: Ball
2-0: Ball
3-0: Called Strike
3-1: Fly out, F9 (Flyball, 89S)
Batting: RHB José Romero 0-0: Called Strike
0-1: Called Strike
0-2: 2-RUN HOME RUN (Flyball, 7D), Distance : 403 ft
Batting: RHB Juan Benítez 0-0: DOUBLE (Line Drive, 7D)
Batting: SHB Tom Smith 0-0: Ball
1-0: Fly out, F3 (Popup, 9LSF)
Batting: RHB Manny Rodríguez 0-0: Ball
1-0: SINGLE (Groundball, 34S)
Juan Benítez to third
Runner from 3rd tries for Home, SAFE, no throw or cutoff
Batting: RHB Chip Teague 0-0: Called Strike
0-1: Ball
1-1: Fielders Choice at 2nd, U6 (Groundball, 6M)
Top of the 4th over - 3 run(s), 3 hit(s), 0 error(s), 1 left on base; Tremont 4 - Bangor Trident Base 5
BOTTOM OF THE 4TH
Bangor Trident Base Ogres batting - Pitching for Tremont Doubledays : RHP Tim Williams
Batting: RHB Dewey McClellan 0-0: Called Strike
0-1: Swinging Strike
0-2: Ball
1-2: Strikes out swinging
Batting: LHB Don Sullivan 0-0: Ball
1-0: Ball
2-0: Bunted foul
2-1: Foul Ball, location: 2F
2-2: Ground out U3 (Groundball, 3S)
Pitching: RHP José Cabrera
Batting: RHB Walt Richard 0-0: Called Strike
0-1: Ball
1-1: Swinging Strike
1-2: Ball
2-2: Foul Ball, location: 2F
2-2: Ball
3-2: Fly out, F4 (Popup, 3L)
Bottom of the 4th over - 0 run(s), 0 hit(s), 0 error(s), 0 left on base; Tremont 4 - Bangor Trident Base 5
TOP OF THE 5TH
Tremont Doubledays batting - Pitching for Bangor Trident Base Ogres : RHP Bobby Davis
Batting: RHB Chris Bentley 0-0: Ball
1-0: Ball
2-0: Called Strike
2-1: Ball
3-1: Foul Ball, location: 2F
3-2: Strikes out looking
Batting: SHB Carroll Kline 0-0: Ball
1-0: Fly out, F9 (Flyball, 89M)
Batting: LHB Arturo Acosta 0-0: Called Strike
0-1: Foul Ball, location: 2F
0-2: Ball
1-2: SINGLE (Line Drive, 34)
Batting: SHB Ludovico Bluemel 0-0: Ball
1-0: Foul Ball, location: 2F
1-1: Swinging Strike
1-2: Foul Ball, location: 2F
1-2: Fielders Choice at 2nd, U4 (Groundball, 4M)
Top of the 5th over - 0 run(s), 1 hit(s), 0 error(s), 1 left on base; Tremont 4 - Bangor Trident Base 5
BOTTOM OF THE 5TH
Bangor Trident Base Ogres batting - Pitching for Tremont Doubledays : RHP José Cabrera
Batting: RHB Zach King 0-0: Ball
1-0: SINGLE (Line Drive, 6M)
Batting: RHB Tyrone Graham 0-0: Ball
1-0: Called Strike
1-1: Foul Ball, location: 2F
1-2: Strikes out swinging
Batting: RHB Stan Hughes 0-0: Ball
1-0: Ball
2-0: Ball
3-0: Called Strike
Pickoff Throw by Catcher to First - Error! E2
Zach King to second
3-1: Intentional Walk
Batting: RHB Mike Alford 0-0: Called Strike
0-1: Fly out, F7 (Flyball, 7M)
Batting: SHB Dustin Tucker 0-0: Ball
1-0: Foul Ball, location: 2F
1-1: Ball
Reached via error on a dropped throw, E3
Zach King to third
Stan Hughes to second
Batting: RHB Ron Williams 0-0: Fly out, F6 (Line Drive, 6)
Bottom of the 5th over - 0 run(s), 1 hit(s), 2 error(s), 3 left on base; Tremont 4 - Bangor Trident Base 5
TOP OF THE 6TH
Tremont Doubledays batting - Pitching for Bangor Trident Base Ogres : RHP Bobby Davis
Batting: RHB José Romero 0-0: SOLO HOME RUN (Line Drive, 9D), Distance : 384 ft
Batting: RHB Juan Benítez 0-0: Ball
1-0: Foul Ball, location: 2F
1-1: SINGLE (Line Drive, 6M)
Batting: SHB Tom Smith 0-0: Bunt missed!
0-1: Ball
1-1: Bunted foul
1-2: SINGLE (Groundball, 56)
Juan Benítez to second
Batting: RHB Manny Rodríguez 0-0: Ball
1-0: Bunted foul
1-1: Sac Bunt - play at first, batter OUT! 1-4
Juan Benítez to third
Tom Smith to second
Batting: RHB Chip Teague 0-0: Ball
1-0: SINGLE (Groundball, 6MD)
Juan Benítez scores
Tom Smith to third
Throwing error, E8
Tom Smith scores
Chip Teague to second
Pitching: RHP Ramiro Lara
Batting: RHB Chris Bentley 0-0: Ball
1-0: Fly out, F4 (Popup, 34)
Batting: SHB Carroll Kline 0-0: Foul Ball, location: 2F
0-1: Ball
1-1: Foul Ball, location: 2F
1-2: Ground out 3-1 (Groundball, 34S)
Top of the 6th over - 3 run(s), 4 hit(s), 1 error(s), 1 left on base; Tremont 7 - Bangor Trident Base 5
BOTTOM OF THE 6TH
Bangor Trident Base Ogres batting - Pitching for Tremont Doubledays : RHP José Cabrera
Batting: RHB Dewey McClellan 0-0: Called Strike
0-1: Foul Ball, location: 2F
0-2: Ball
1-2: Ball
2-2: Ball
3-2: Foul Ball, location: 2F
3-2: Strikes out looking
Batting: LHB Don Sullivan 0-0: Ball
1-0: Called Strike
1-1: Swinging Strike
1-2: Strikes out swinging
Batting: RHB Walt Richard 0-0: SINGLE (Groundball, 34D)
Batting: RHB Zach King 0-0: Ball
1-0: Ball
2-0: Ball
3-0: Called Strike
3-1: 2-RUN HOME RUN (Line Drive, 7LD), Distance : 387 ft
Batting: RHB Tyrone Graham 0-0: SINGLE (Groundball, 56D) (infield hit)
Pitching: RHP Robert Preston
Batting: RHB Stan Hughes 0-0: Ball
1-0: Called Strike
1-1: Ball
2-1: Ground out 5-3 (Groundball, 5L)
Bottom of the 6th over - 2 run(s), 3 hit(s), 0 error(s), 1 left on base; Tremont 7 - Bangor Trident Base 7
TOP OF THE 7TH
Tremont Doubledays batting - Pitching for Bangor Trident Base Ogres : RHP Ramiro Lara
Batting: LHB Arturo Acosta 0-0: SINGLE (Line Drive, 6MD)
Batting: SHB Ludovico Bluemel 0-0: SINGLE (Groundball, 4MD)
Arturo Acosta to second
Pinch Hitting: RHB Juan Torres 0-0: Ball
1-0: Ball
2-0: Called Strike
2-1: Fly out, F6 (Line Drive, 6)
Batting: RHB Juan Benítez 0-0: Ball
1-0: Foul Ball, location: 2F
1-1: Ball
2-1: Swinging Strike
2-2: Foul Ball, location: 2F
2-2: Ball
3-2: SINGLE (Groundball, 23) (infield hit)
Arturo Acosta to third
Ludovico Bluemel to second
Pinch Hitting: LHB Jarred Smith 0-0: Called Strike
0-1: Called Strike
0-2: Foul Ball, location: 2F
0-2: Strikes out swinging
Pinch Hitting: LHB Ramón Sepúlveda 0-0: Called Strike
0-1: Ball
1-1: Ball
2-1: Swinging Strike
2-2: Strikes out swinging
Top of the 7th over - 0 run(s), 3 hit(s), 0 error(s), 3 left on base; Tremont 7 - Bangor Trident Base 7
BOTTOM OF THE 7TH
Bangor Trident Base Ogres batting - Pitching for Tremont Doubledays : RHP Robert Preston
Now at 1B: Juan Torres
Now at 2B: Steven Poe
Now in LF: Jim Unknown
Batting: RHB Mike Alford 0-0: Ground out 1-3 (Groundball, 15)
Batting: SHB Dustin Tucker 0-0: Ball
1-0: Fly out, F8 (Flyball, 8LD)
Pinch Hitting: LHB Kevin Sims 0-0: Foul Ball, location: 2F
0-1: Ball
1-1: Fly out, F3 (Popup, 3F)
Bottom of the 7th over - 0 run(s), 0 hit(s), 0 error(s), 0 left on base; Tremont 7 - Bangor Trident Base 7
TOP OF THE 8TH
Tremont Doubledays batting - Pitching for Bangor Trident Base Ogres : RHP Ramiro Lara
Now at 1B: Kevin Sims
Batting: RHB Chip Teague 0-0: Ball
1-0: Ball
2-0: Called Strike
2-1: Ball
3-1: DOUBLE (Flyball, 89D)
Batting: RHB Chris Bentley 0-0: Foul Ball, location: 2F
0-1: Ball
1-1: SINGLE (Groundball, 15) (infield hit)
Chip Teague to third
Batting: SHB Carroll Kline 0-0: Called Strike
0-1: Ball
1-1: Ball
2-1: Foul Ball, location: 2F
2-2: Ball
3-2: SINGLE (Line Drive, 7S)
Chip Teague scores
Chris Bentley to second
Batting: LHB Arturo Acosta 0-0: Ball
1-0: Ball
2-0: Ball
3-0: Called Strike
3-1: Base on Balls
Chris Bentley to third
Carroll Kline to second
Batting: SHB Ludovico Bluemel 0-0: Called Strike
0-1: Ball
1-1: Ball
2-1: DOUBLE (Line Drive, 9LM)
Chris Bentley scores
Carroll Kline scores
Arturo Acosta to third
Pitching: RHP Josef van der Poel
Batting: RHB Juan Torres 0-0: Called Strike
0-1: Ball
1-1: Swinging Strike
1-2: Fly out, F9 (Flyball, 89D)
Runner from 3rd tags up, SCORES, no throw
Batting: RHB Juan Benítez 0-0: Intentional Walk
Batting: RHB Steven Poe 0-0: Ball
1-0: Fly out, F2 (Popup, 2RF)
Batting: SHB Jim Unknown 0-0: Ball
1-0: Ball
2-0: Ball
3-0: Called Strike
3-1: Called Strike
3-2: Foul Ball, location: 2F
3-2: Fly out, F8 (Flyball, 8LM)
Top of the 8th over - 4 run(s), 4 hit(s), 0 error(s), 2 left on base; Tremont 11 - Bangor Trident Base 7
BOTTOM OF THE 8TH
Bangor Trident Base Ogres batting - Pitching for Tremont Doubledays : RHP Robert Preston
Batting: RHB Dewey McClellan 0-0: Ball
1-0: Ball
2-0: Called Strike
2-1: Foul Ball, location: 2F
2-2: Foul Ball, location: 2F
2-2: Strikes out looking
Batting: LHB Don Sullivan 0-0: Ball
1-0: Ball
2-0: Ball
3-0: Base on Balls
Batting: RHB Walt Richard 0-0: Ball
1-0: Foul Ball, location: 2F
1-1: Foul Ball, location: 2F
1-2: Ball
2-2: Ball
3-2: SINGLE (Line Drive, 8RS)
Don Sullivan to second
Pitching: RHP Jorge Torres
Batting: RHB Zach King 0-0: Called Strike
0-1: Ball
1-1: Foul Ball, location: 2F
1-2: Ball
2-2: Fly out, F5 (Popup, 56S)
Batting: RHB Tyrone Graham 0-0: Swinging Strike
0-1: Ball
1-1: Ball
2-1: Ball
3-1: Called Strike
3-2: Foul Ball, location: 2F
3-2: Base on Balls
Don Sullivan to third
Walt Richard to second
Batting: RHB Stan Hughes 0-0: Ball
1-0: DOUBLE (Line Drive, 7LM)
Don Sullivan scores
Walt Richard scores
Tyrone Graham to third
Runner from 3rd tries for Home, SAFE, no throw or cutoff
Batting: RHB Mike Alford 0-0: Foul Ball, location: 2F
0-1: Fly out, F9 (Flyball, 89S)
Bottom of the 8th over - 3 run(s), 2 hit(s), 0 error(s), 1 left on base; Tremont 11 - Bangor Trident Base 10
TOP OF THE 9TH
Tremont Doubledays batting - Pitching for Bangor Trident Base Ogres : RHP Josef van der Poel
Batting: RHB Chip Teague 0-0: Ball
1-0: SINGLE (Groundball, 34)
Batting: RHB Chris Bentley 0-0: Ball
1-0: Called Strike
1-1: Grounds into double play, 6-4-3 (Groundball, 6M)
Batting: SHB Carroll Kline 0-0: Called Strike
0-1: Ball
1-1: Swinging Strike
1-2: Ball
2-2: Ground out 5-3 (Groundball, 56)
Top of the 9th over - 0 run(s), 1 hit(s), 0 error(s), 0 left on base; Tremont 11 - Bangor Trident Base 10
BOTTOM OF THE 9TH
Bangor Trident Base Ogres batting - Pitching for Tremont Doubledays : RHP Jorge Torres
Pitching: RHP Pedro Castro
Batting: SHB Dustin Tucker 0-0: SINGLE (Line Drive, 8RS)
Batting: LHB Kevin Sims 0-0: Ball
1-0: Ball
2-0: Called Strike
2-1: Reached on Error, E7 (Flyball, 7M)
Dustin Tucker to second
Pinch Hitting: RHB Jim Unknown 0-0: Foul Ball, location: 2F
0-1: Ball
1-1: Ball
2-1: Foul Ball, location: 2F
2-2: Foul Ball, location: 2F
2-2: Foul Ball, location: 2F
2-2: Strikes out swinging
Pinch Runner at 2nd Chris Law:
Batting: LHB Don Sullivan 0-0: Swinging Strike
0-1: Foul Ball, location: 2F
0-2: Strikes out swinging
Batting: RHB Walt Richard 0-0: Ground out 5-3 (Groundball, 56)
Bottom of the 9th over - 0 run(s), 1 hit(s), 1 error(s), 2 left on base; Tremont 11 - Bangor Trident Base 10
This league is powered by Out of the Park Baseball, the baseball management simulation game for PC, Mac and Linux
Saturday, February 27th, 2021 - OOTP Baseball 15.6 Build 34